 Dungeon Crawl Stone Soup version 0.28.0 (webtiles) character file.

Game seed: 5117243785679942771

498 croobank the Skirmisher (level 7, -2/52 HPs)
             Began as a Djinni Abyssal Knight on Feb 6, 2022.
             Was a Believer of Lugonu.
             Slain by an iguana (6 damage)
             ... on level 5 of the Dungeon.
             The game lasted 00:19:55 (5988 turns).

croobank the Skirmisher (Djinni Abyssal Knight)     Turns: 5988, Time: 00:19:56

Health: -2/52      AC:  2    Str: 20    XL:     7   Next: 39%
Gold:   164        EV: 13    Int: 14    God:    Lugonu [**....] SH:  0 Dex: 15

rFire   + + .      SeeInvis .   a - +7 dagger "Kucseet" {pain, rC+ Will+ Str+4}
rCold   . . .      Faith    .   (no shield)
rNeg    . . .      Spirit   .   C - +0 robe "Mesaha" {rElec Str-2 Dex+2 Stlth+}
rPois   ∞          Reflect  .   (no helmet)
rElec   +          Harm     .   (no cloak)
rCorr   .          Rampage  .   (no gloves)
Will    +....                   (boots unavailable)
Stlth   +++.......              (no amulet)
HPRegen 0.17/turn               q - +6 ring of strength
MPRegen 0.00/turn               (no ring)

@: flying, invisible
A: sickness immunity, fire resistance 2, cold vulnerability 1, float, innate
caster, HP casting, extra vitality 1
a: Renounce Religion, Depart the Abyss, Bend Space


You were on level 5 of the Dungeon.
You worshipped Lugonu.
Lugonu was pleased with you.
You visited 1 branch of the dungeon, and saw 5 of its levels.
You visited the Abyss 1 time.

You collected 164 gold pieces.

Inventory:

Hand Weapons
 a - the +7 dagger "Kucseet" (weapon) {pain, rC+ Will+ Str+4}
   (You took it off a hobgoblin on level 4 of the Dungeon)

   In the hands of one skilled in necromantic magic, it inflicts extra damage on
   living creatures.
   Your inability to study Necromancy prevents you from drawing on the full
   power of this weapon.
   Str:       It affects your strength (+4).
   rC:        It protects you from cold.
   Will:      It increases your willpower.
 b - a +0 hunting sling
 j - a +0 dagger of protection
 k - a +1 falchion
 o - a +4 dagger
 y - a +2 short sword of speed
Missiles
 d - 41 bolts
 e - 140 stones
 l - 16 poisoned darts
 s - 50 arrows
 x - 27 sling bullets
Armour
 c - a +0 ring mail
 n - a +0 leather armour
 C - the +0 robe "Mesaha" (worn) {rElec Str-2 Dex+2 Stlth+}
   (You took it off a hobgoblin on level 4 of the Dungeon)

   Str:       It affects your strength (-2).
   Dex:       It affects your dexterity (+2).
   rElec:     It insulates you from electricity.
   Stlth:     It makes you more stealthy.
Magical Staves
 g - a staff of poison
Jewellery
 q - a +6 ring of strength (left hand)
Wands
 r - a wand of acid (12)
 z - a wand of iceblast (10)
 B - a wand of flame (14)
Scrolls
 f - a scroll of enchant armour
 h - a scroll of fear {unknown}
 p - a scroll of magic mapping {unknown}
 u - a scroll of teleportation {unknown}
 D - a scroll of silence {unknown}
Potions
 v - a potion of cancellation {unknown}
 w - 5 potions of curing {unknown}
 A - 2 potions of magic {unknown}


   Skills:
 + Level 4.2 Fighting
 + Level 2.4(3.0) Short Blades
 + Level 2.4(3.0) Long Blades
 + Level 3.2 Armour
 + Level 3.2 Dodging
 + Level 1.4 Stealth
 * Level 2.1 Spellcasting
 + Level 2.0 Invocations


You had 4 spell levels left.
You knew the following spells:

 Your Spells              Type           Power      Damage    Failure   Level
a - Shock                 Conj/Air       28%        1d4       10%         1
b - Call Imp              Summ           7%         N/A       14%         2
c - Ignite Poison         Fire/Tmut/Pois 7%         N/A       28%         3
Your spell library was empty.

Dungeon Overview and Level Annotations

Branches:
Dungeon (5/15)             Temple (0/1) D:5

Altars:
Wu Jian

Shops:
D:4 :

Annotations:
D:3 1 runed translucent door, Crazy Yiuf
D:5 Edmund


Innate Abilities, Weirdness & Mutations

You are immune to sickness and miasma.
You are immune to poison.
Your flesh is very heat resistant. (rF++)
You are vulnerable to cold. (rC-)
You float through the air rather than walking.
You learn spells naturally, not from books.
Your magical power is your life essence.
You have superior vitality. (+4 MHP)


Message History

Confirm with . or Enter, or press ? or * to list all spells.
Aiming: Shock (safe; 10% risk of failure)
Press: ? - help, Shift-Dir - straight line, f/p - iguana
Aim: an iguana (ally target, 72% to hit)
The zap hits the iguana.
The iguana is lightly wounded.
Your crimson imp hits the water moccasin zombie.
Casting: Shock (safe; 10% risk of failure)
Confirm with . or Enter, or press ? or * to list all spells.
Aiming: Shock (safe; 10% risk of failure)
Press: ? - help, Shift-Dir - straight line, f/p - iguana
Aim: an iguana (lightly wounded, ally target, 72% to hit)
The zap misses the iguana.
* * * LOW HITPOINT WARNING * * *
The iguana misses you.
Casting: Shock (safe; 10% risk of failure)
Confirm with . or Enter, or press ? or * to list all spells.
Aiming: Shock (safe; 10% risk of failure)
Press: ? - help, Shift-Dir - straight line, f/p - iguana
Aim: an iguana (lightly wounded, ally target, 72% to hit)
The zap hits the iguana.
The iguana is moderately wounded.
* * * LOW HITPOINT WARNING * * *
Your crimson imp closely misses the water moccasin zombie.
The iguana bites you!
* * * LOW HITPOINT WARNING * * *
You hit the iguana.
The iguana is heavily wounded.
Your crimson imp misses the water moccasin zombie.
The iguana bites you but does no damage.
You barely miss the iguana.
The iguana is heavily wounded.
Your crimson imp hits the water moccasin zombie.
The iguana barely misses you.
You fade into invisibility!
Your crimson imp barely misses the water moccasin zombie.
The iguana closely misses you.
Your crimson imp barely misses the water moccasin zombie.
The iguana bites you.
You die...

#.......##
#...##...#####
###>###......# #.#
#...#''########
#.###...#.........#
#..###5##..§.....##
##.)##.Z#.......##≈≈≈
##.###l#..5(..##≈≈≈#
#...#@#.....##≈≈≈## .
#...###....##≈≈≈ #. .
#...# #!..##≈≈≈# . .
#...# #..## ≈≈##
#...# #.##≈ ## #...#
###≈≈≈ #...# ≈≈##
#...# ≈##.. ###.##
##.(.. #.


You could see an iguana (ally target), a water moccasin zombie (wandering) and a
friendly crimson imp (summoned).

Vanquished Creatures
  A phantom (D:5)
  A bullfrog zombie (D:5)
  A hound (D:5)
  A bullfrog skeleton (D:3)
  3 iguanas (D:4)
  2 hound skeletons (D:4)
  7 adders
  An ufetubus (D:4)
  An adder skeleton (D:4)
  3 dart slugs
  An orc (D:4)
  5 endoplasms
  5 giant cockroaches
  7 goblins
  7 hobgoblins
  4 jackals
  3 quokkas
  5 ball pythons
  3 bats
  A frilled lizard (D:2)
  A jackal skeleton (D:3)
  8 kobolds
  4 rats
75 creatures vanquished.

Vanquished Creatures (collateral kills)
  A necrophage (D:5)
1 creature vanquished.

Vanquished Creatures (others)
  9 fungi (D:3)
  22 plants
31 creatures vanquished.

Grand Total: 107 creatures vanquished

Notes
Turn   | Place    | Note
-------+----------+-------------------------------------------
     0 | Abyss:1  | croobank the Djinni Abyssal Knight began the quest for the
                  | Orb.
     0 | Abyss:1  | Reached XP level 1. HP: 20/20 MP: 0/0
    27 | D:1      | Escaped the Abyss
   325 | D:1      | Reached XP level 2. HP: 22/25 MP: 0/0
  1023 | D:2      | Reached XP level 3. HP: 20/30 MP: 0/0
  1023 | D:2      | Learned a level 1 spell: Shock
  1411 | D:3      | Found an ornate altar of the Wu Jian Council.
  2105 | D:2      | Reached XP level 4. HP: 32/37 MP: 0/0
  2847 | D:3      | Reached ** piety under Lugonu
  2855 | D:3      | Reached XP level 5. HP: 23/41 MP: 0/0
  2855 | D:3      | Learned a level 2 spell: Call Imp
  2868 | D:3      | Reached skill level 1 in Short Blades
  3054 | D:3      | Found a faded altar of an unknown god.
  3256 | D:3      | Found a runed translucent door.
  3764 | D:3      | Noticed Crazy Yiuf
  4232 | D:4      | Reached skill level 1 in Spellcasting
  4379 | D:4      | Found Coob's Book Emporium.
  4431 | D:4      | Reached XP level 6. HP: 43/47 MP: 0/0
  4440 | D:4      | Reached skill level 4 in Fighting
  4968 | D:4      | Identified the +7 dagger "Kucseet" {pain, rC+ Will+ Str+4}
  4968 | D:4      | Identified the +0 robe "Mesaha" {rElec Str-2 Dex+2 Stlth+}
  5339 | D:5      | Entered Level 5 of the Dungeon
  5358 | D:5      | Noticed a necrophage
  5374 | D:5      | Killed a necrophage
  5375 | D:5      | Reached skill level 1 in Stealth
  5410 | D:5      | Reached XP level 7. HP: 49/52 MP: 0/0
  5410 | D:5      | Learned a level 3 spell: Ignite Poison
  5412 | D:5      | Noticed Edmund
  5737 | D:5      | Found a staircase to the Ecumenical Temple.
  5988 | D:5      | Slain by an iguana

Illustrated notes

Levels and vault maps discovered:
D:1:      heliophobic_arrival_enchanted_forest, layout_basic, minmay_door_square
D:2:      wad_lake_hut, layout_basic
D:3:      minmay_diamond_boxcup, layout_loops_ring,
          mainiacjoe_overflow_chevrons, dreamdust_ecumenical_altar_grove,
          serial_bayou_lagoon_b, uniq_crazy_yiuf_cottage
D:4:      layout_gridville, serial_shops, nicolae_inconvenience_store,
          minmay_misc_feat_diagonals
D:5:      layout_rooms, minmay_temple_entry_large_hall,
          hangedman_decor_diamond_cutter, kennysheep_opposing_triangles,
          uniq_edmund

Skill      XL: |  1  2  3  4  5  6  7 |
---------------+----------------------+-----
Invocations    | 2 |  2.0
Long Blades    | 2 |  2.4
Armour         | 2 3 |  3.2
Short Blades   | 1 2 |  2.4
Spellcasting   | 1 2 |  2.1
Fighting       | 4 |  4.2
Dodging        | 3 |  3.2
Stealth        | 1 |  1.4

Action                   |  1- 3 |  4- 6 |  7- 9 || total
-------------------------+-------+-------+-------++-------
Melee: Falchion          |    68 |       |       ||    68
       Dagger            |    10 |   166 |    44 ||   220
       Punch             |       |     3 |       ||     3
 Cast: Shock             |       |    10 |     9 ||    19
       Call Imp          |       |     4 |     2 ||     6
  Use: Scroll            |     1 |     4 |       ||     5
       Potion            |       |     1 |     5 ||     6
 Stab: Sleeping          |       |     3 |       ||     3
Armor: Leather armour    |    22 |    26 |       ||    48
       Robe              |       |       |     6 ||     6
Dodge: Dodged            |    55 |   125 |    26 ||   206
